Map: Frozen Temple

Players

Fhy - Winner!

  • Race: Protoss Protoss

VOD

Have the link to the VOD?

Description

Time

  • Played on: Oct. 16, 2016, 7:35 p.m.
  • Length: 5:00
Show
View Real Time Build Order
Export as new Build Order

Fhy Protoss - Winner!

Build Orders: 1 Gate Expand 

Get SALT Encoding   

  12  0:02  Probe (Chrono Boost)  
  12  0:13  Probe (Chrono Boost)  
  12  0:18  Pylon  
  12  0:26  Probe (Chrono Boost)  
  12  0:36  Gateway  
  12  0:44  Assimilator  
  12  0:45  Probe (Chrono Boost)  
  12  0:55  Probe (Chrono Boost)  
  12  1:06  Probe (Chrono Boost)  
  12  1:16  Probe (Chrono Boost)  
  12  1:27  Nexus  
  12  1:38  Cybernetics Core  
  12  1:52  Assimilator  
  12  1:54  Pylon  
  12  2:02  Gateway  
  12  2:05  Probe (Chrono Boost)  
  12  2:10  Stalker  
  12  2:23  Mothership Core (Chrono Boost)  
  12  2:24  Warp Gate  
  12  2:31  Gateway  
  12  2:43  Probe (Chrono Boost)  
  12  2:46  Probe (Chrono Boost)  
  12  2:57  Probe (Chrono Boost)  
  12  2:58  Probe (Chrono Boost)  
  12  3:08  Robotics Facility  
  12  3:10  Probe (Chrono Boost)  
  12  3:12  Probe (Chrono Boost)  
  12  3:13  Stalker  
  12  3:26  Gateway  
  12  3:35  Assimilator  
  12  3:36  Probe (Chrono Boost)  
  12  3:37  Probe (Chrono Boost)  
  12  3:49  Probe x2 (Chrono Boost)  
  12  3:53  Pylon  
  12  3:55  Observer  
  12  4:01  Probe x2 (Chrono Boost)  
  12  4:13  Probe x2 (Chrono Boost)  
  12  4:18  Twilight Council  
  12  4:28  Probe x2 (Chrono Boost)  
  12  4:30  Stalker x3  
  12  4:34  Stalker  
Tags
 
Add a new tag
Caveats
  • Supply blocks, unpowered buildings, or Contaminate may cause inaccurate times.
  • Supply counts are checked every 10 seconds.